 Dungeon Crawl Stone Soup version 0.30-a0-738-g116ff8c4af (webtiles) character file.

Game seed: 14357601106349857318

83 MachoJfn the Magician (level 4, -1/31 HPs)
             Began as a Demonspawn Hedge Wizard on Feb 3, 2023.
             Was a Follower of Lugonu.
             Succumbed to a kobold's poison
             ... on level 2 of the Dungeon.
             The game lasted 00:09:32 (2010 turns).

MachoJfn the Magician (Demonspawn Hedge Wizard)     Turns: 2010, Time: 00:09:33

Health: -1/31      AC: 13    Str: 12    XL:     4   Next: 22%
Magic:  9/9        EV:  3    Int: 15    God:    Lugonu [*.....]
Gold:   144        SH:  0    Dex: 13    Spells: 9/10 levels left

rFire   . . .      SeeInvis .    o - +0 dagger (venom)
rCold   . . .      Faith    .    (no shield)
rNeg    . . .      Spirit   .    h - +2 plate armour
rPois   .          Reflect  .    c - +0 hat
rElec   .          Harm     .    (no cloak)
rCorr   .          Rampage  .    f - +0 pair of gloves
Will    .....                    (no boots) Stlth
                                 (no amulet)
HPRegen 0.25/turn                (no ring)
MPRegen 0.11/turn                (no ring)

@: mighty, lethally poisoned (-1 -> -6)
A: horns 1
a: Renounce Religion, Depart the Abyss


You were on level 2 of the Dungeon.
You worshipped Lugonu.
Lugonu was aware of your devotion.
You visited 1 branch of the dungeon, and saw 3 of its levels.

You collected 144 gold pieces.

Inventory:

Hand Weapons
 o - a +0 dagger of venom (weapon)
Armour
 a - the +2 helmet "Uroannim" {Rampage rPois Int+3 Stlth-}
   (You found it on level 2 of the Dungeon)

   Int:       It affects your intelligence (+3).
   rPois:     It protects you from poison.
   Rampage:   It bestows one free step when moving towards enemies.
   Stlth:     It makes you less stealthy.
 b - a +0 robe
 c - a +0 hat (worn)
 f - a +0 pair of gloves (worn)
 h - a +2 plate armour (worn)
Magical Staves
 m - a staff of death
Wands
 p - a wand of iceblast (11)
Scrolls
 e - a scroll of noise
 g - a scroll of identify
 j - 3 scrolls of teleportation
 k - a scroll of amnesia {unknown}
 n - a scroll of magic mapping {unknown}
 s - a scroll of poison {unknown}
Potions
 d - 2 potions of magic
 i - a potion of degeneration {unknown}
 l - a potion of attraction {unknown}
 q - a potion of curing {unknown}
 t - a potion of might


   Skills:
 + Level 0.4 Fighting
 + Level 0.2 Short Blades
 + Level 1.0 Armour
 + Level 1.9 Dodging
 + Level 2.0 Stealth
 + Level 3.9 Spellcasting
 + Level 2.0 Conjurations
 + Level 1.0 Summonings
 + Level 0.8 Translocations


You had 9 spell levels left.
You knew the following spells:

 Your Spells              Type           Power      Damage    Failure   Level
a - Magic Dart            Conj           36%        1d4       100%        1

Your spell library contained the following spells:

 Spells                   Type           Power      Damage    Failure   Level
 Slow                     Hex            8%         N/A       100%        1
 Blink                    Tloc           10%        N/A       100%        2
 Call Imp                 Summ           6%         N/A       100%        2
 Cigotuvi's Dreadful Rot  Necr/Pois/Air  4%         N/A       100%        2
 Lesser Beckoning         Tloc           10%        N/A       100%        2
 Confusing Touch          Hex            2%         N/A       100%        3
 Gell's Gravitas          Tloc           5%         N/A       100%        3
 Mephitic Cloud           Conj/Pois/Air  5%         N/A       100%        3
 Teleport Other           Tloc           5%         N/A       100%        3
 Vampiric Draining        Necr           2%         2d6       100%        3


Dungeon Overview and Level Annotations

Branches:
Dungeon (3/15)

Altars:
Lugonu


Innate Abilities, Weirdness & Mutations

You have a pair of small horns on your head.


Message History

You puncture the goblin!
You kill the goblin!
Lugonu accepts your kill.
You feel very sick.
You closely miss the adder.
You feel very sick. The adder bites you but does no damage.
The adder barely misses you.
The kobold throws a poisoned dart.
The poisoned dart hits you!
You are lethally poisoned!
You miss the adder. Your headbutt misses the adder.
You feel very sick. The bat hits you but does no damage.
The quokka bites you but does no damage.
The adder bites you but does no damage.
You barely miss the adder.
* * * LOW HITPOINT WARNING * * *
You feel very sick. The quokka barely misses you.
The adder bites you but does no damage. The bat hits you but does no damage.
You hit the adder.
The adder is poisoned.
The adder is heavily wounded.
* * * LOW HITPOINT WARNING * * *
You feel very sick. The bat hits you but does no damage.
The adder bites you but does no damage.
The quokka bites you but does no damage. x2
The adder bites you but does no damage. The rat attacks as you move away!
The rat bites you but does no damage. The adder attacks as you move away!
The adder bites you but does no damage.
* * * LOW HITPOINT WARNING * * *
You feel sick. The bat hits you but does no damage.
* * * LOW HITPOINT WARNING * * *
You feel sick.
There is a stone staircase leading up here.
* * * LOW HITPOINT WARNING * * *
You feel sick.
You kill the adder!
Lugonu accepts your kill.
Your Armour skill increases to level 1!
You climb upwards.
You die...

#.###.# #.#######.<# #..)..##
#.#........#
##......####.#.######.#
####..###...##..#.# #.#
#...........##.##.# #.#
#..............##.# #.#
#.####.####.#..##.# #.#
####.####.## #.#..##.# #.#
##..........###.@..##.# #.#
#.^^#.####........###.# #.#
.._.#.# ##.###...###.# #.#
...^..#####...........######.#
#####........................#
#.########..##############
#.####...#..# #....'...#..#
######...####


There were no monsters in sight!

Vanquished Creatures
  A gnoll (D:1)
  4 adders
  A worm (D:2)
  3 dart slugs
  2 ball pythons (D:1)
  3 endoplasms (D:1)
  A giant cockroach (D:1)
  3 goblins
  A hobgoblin (D:2)
  4 kobolds
  A quokka (D:2)
  A bat (D:1)
  2 frilled lizards
  5 rats
32 creatures vanquished.

Vanquished Creatures (others)
  A plant (D:2)
1 creature vanquished.

Grand Total: 33 creatures vanquished

Notes
Turn   | Place    | Note
-------+----------+-------------------------------------------
     0 | D:1      | MachoJfn the Demonspawn Hedge Wizard began the quest for
                  | the Orb.
     0 | D:1      | Reached XP level 1. HP: 13/13 MP: 4/4
   413 | D:1      | Gained mutation: You have a pair of small horns on your
                  | head. [demonic ancestry]
   413 | D:1      | Reached XP level 2. HP: 19/19 MP: 0/6
   960 | D:1      | Reached XP level 3. HP: 20/24 MP: 5/8
  1248 | D:2      | HP: 1/24 [poisoned by a kobold]
  1383 | D:2      | Identified the +2 helmet "Uroannim" {Rampage rPois Int+3
                  | Stlth-}
  1447 | D:2      | Found a faded altar of an unknown god.
  1452 | D:2      | Prayed at the altar of an unknown god.
  1452 | D:2      | Became a worshipper of Lugonu the Unformed
  1452 | D:2      | Reached * piety under Lugonu
  1817 | D:2      | Reached XP level 4. HP: 28/31 MP: 9/9
  2009 | D:3      | HP: 1/31 [poisoned by a kobold]
  2010 | D:3      | Reached skill level 1 in Armour
  2010 | D:2      | Succumbed to a kobold's poison

Illustrated notes

Levels and vault maps discovered:
D:1:      minmay_arrival_cross, layout_basic
D:2:      layout_loops_ring, ebering_ecumenical_altar_webs, serial_bayou_pond_d,
          eino_tiny_chamber, minmay_tromino_i2
D:3:      minmay_recursive_quarters, layout_basic, serial_aquarium,
          aquarium_bridge_long_joined [aquarium_subvault_balcony,
          aquarium_subvault_bridge, aquarium_subvault_bridge,
          aquarium_subvault_bridge, aquarium_subvault_wall,
          aquarium_subvault_window], aquarium_bridge_straight
          [aquarium_subvault_bridge, aquarium_subvault_window,
          aquarium_subvault_bridge, aquarium_subvault_window],
          aquarium_window_1, aquarium_window_fake, aquarium_window_corridor_3,
          aquarium_view_2b, aquarium_view_2d, kennysheep_jessica_study

Skill      XL: |  1  2  3  4 |
---------------+-------------+-----
Stealth        | 2 |  2.0
Conjurations   | 2 |  2.0
Armour         | 1 |  1.0
Fighting       | |  0.4
Short Blades   | |  0.2
Dodging        | |  1.9
Spellcasting   | |  3.9
Summonings     | |  1.0
Translocations | |  0.8

Action                     |  1- 3 |  4- 6 || total
---------------------------+-------+-------++-------
  Melee: Dagger            |    96 |    11 ||   107
         Headbutt          |    19 |       ||    19
         Punch             |     1 |       ||     1
   Cast: Magic Dart        |    23 |       ||    23
    Use: Scroll            |     2 |     3 ||     5
         Potion            |       |     1 ||     1
 Armour: Plate armour      |    63 |    17 ||    80
  Dodge: Dodged            |    10 |     3 ||    13

Table legend: (Time is in decaauts)
 A = Elapsed time spent in this place.
 B = Non-inter-level travel time spent in this place.
 C = Inter-level travel time spent in this place.
 D = Time resting spent in this place.
 E = Time spent auto-exploring this place.
 F = Levels seen in this place.
 G = Mean time per level.
                   A        B        C        D        E       F      G
               +--------+--------+--------+--------+--------+-----+--------+
         Total |   2013 |   1711 |    302 |    269 |   1069 |   3 |  671.0 |
       Dungeon |   2013 |   1711 |    302 |    269 |   1069 |   3 |  671.0 |
               +--------+--------+--------+--------+--------+-----+--------+

Top non-repeatable levels by time:
     D:1: 1093 daAuts
     D:2: 906 daAuts
     D:3: 13 daAuts
